 Dungeon Crawl Stone Soup version 0.29-a0-577-gafbf2c5d25 (webtiles) character file.

Game seed: 1779163747816622837

16 wingedge the Vexing (level 2, -5/21 HPs)
             Began as a Demonspawn Arcane Marksman on June 13, 2022.
             Slain by Terence
             ... wielding a +1 vorpal flail
              (7 damage)
             ... on level 1 of the Dungeon.
             The game lasted 00:03:50 (967 turns).

wingedge the Vexing (Demonspawn Arcane Marksman)     Turns: 967, Time: 00:03:50

Health: -5/21      AC:  7    Str: 10    XL:     2   Next: 37%
Magic:  1/3        EV: 10    Int: 14    God:
Gold:   11         SH:  4    Dex: 13    Spells: 2/3 levels left

rFire   . . .      SeeInvis .   e - +0 short sword
rCold   . . .      Faith    .   (no shield)
rNeg    . . .      Spirit   .   g - +0 ring mail
rPois   .          Reflect  .   k - +1 helmet
rElec   .          Harm     .   (no cloak)
rCorr   .          Rampage  .   (no gloves)
Will    .....                   (no boots)
Stlth   +.........              (no amulet)
HPRegen 0.07/turn               (no ring)
MPRegen 0.08/turn               (no ring)

@: brilliant
A: condensation shield
a: no special abilities


You were on level 1 of the Dungeon.
You visited 1 branch of the dungeon, and saw 2 of its levels.

You collected 11 gold pieces.

Inventory:

Hand Weapons
 a - a +0 hand crossbow
 e - a +0 short sword (weapon)
Armour
 b - a +0 robe
 g - a +0 ring mail (worn)
 k - a +1 helmet (worn)
Scrolls
 c - a scroll of vulnerability
 h - a scroll of fog {unknown}
 i - a scroll of summoning {unknown}
 j - a scroll of identify {unknown}


   Skills:
 + Level 1.5 Fighting
 - Level 1.0 Short Blades
 - Level 1.8 Crossbows
 - Level 2.0 Dodging
 + Level 1.0 Spellcasting
 + Level 3.0 Hexes


You had 2 spell levels left.
You knew the following spells:

 Your Spells              Type           Power      Damage    Failure   Level
a - Slow                  Hex            52%        N/A       21%         1

Your spell library contained the following spells:

 Spells                   Type           Power      Damage    Failure   Level
 Inner Flame              Hex/Fire       7%         N/A       73%         3
 Portal Projectile        Hex/Tloc       14%        N/A       73%         3
 Cause Fear               Hex            6%         N/A       89%         4


Dungeon Overview and Level Annotations

Branches:
Dungeon (2/15)

Altars:

Annotations:
D:1 Terence


Innate Abilities, Weirdness & Mutations

A meltable shield of frost defends you. (SH +4)


Message History

Confirm with . or Enter, or press ? or * to list all spells.
Aiming: Slow (safe; 21% risk of failure)
Press: ? - help, Shift-Dir - straight line, f/p - Terence
Aim: Terence, wielding a +1 vorpal flail and wearing a +1 chain mail of positive energy (chance to affect: 55%) Terence seems to slow down.
Aiming: Slow (safe; 21% risk of failure)
Press: ? - help, Q - select action Shift-Dir - straight line, f/p - Terence
Aim: Terence, wielding a +1 vorpal flail and wearing a +1 chain mail of positive energy (slow, chance to affect: 55%)
You miscast Slow.
You are very lightly contaminated with residual magic.
Nothing appears to happen.
You barely miss Terence.
A rat comes into view.
Terence barely misses you.
You hit Terence but do no damage. You hit Terence.
Terence is lightly wounded.
Terence hits you with a +1 vorpal flail!
You hit Terence but do no damage.
Terence is lightly wounded.
Your magical contamination has completely faded away.
There is a stone staircase leading up here.
You climb upwards.
There is a stone staircase leading down here.
It was a potion of brilliance.
You feel clever all of a sudden.
Terence hits you with a +1 vorpal flail.
* * * LOW HITPOINT WARNING * * *
You hit Terence but do no damage.
Terence is lightly wounded.
Terence is no longer moving slowly.
Terence hits you with a +1 vorpal flail.
* * * LOW HITPOINT WARNING * * *
x2 You hit Terence but do no damage.
Terence is lightly wounded.
Terence closely misses you.
You barely miss Terence.
Terence is lightly wounded.
Terence hits you with a +1 vorpal flail!
You die...

# # # # ######## #
####@.....# ###### #
#..@...##.######.....
#
#.##.#...........####
#.##.####.######## #
# #.##......# # #
#.######### # # #.#
## #.# ######### .#
#.# #.......#


You could see Terence.

Vanquished Creatures
  A dart slug (D:1)
  2 bats (D:1)
  2 endoplasms (D:1)
  A kobold (D:2)
  3 quokkas (D:1)
  4 frilled lizards (D:1)
13 creatures vanquished.

Notes
Turn   | Place    | Note
-------+----------+-------------------------------------------
     0 | D:1      | wingedge the Demonspawn Arcane Marksman began the quest for
                  | the Orb.
     0 | D:1      | Reached XP level 1. HP: 15/15 MP: 2/2
   199 | D:1      | Found a faded altar of an unknown god.
   461 | D:1      | Gained mutation: A meltable shield of frost defends you.
                  | (SH +4) [demonic ancestry]
   461 | D:1      | Reached XP level 2. HP: 21/21 MP: 0/3
   920 | D:2      | Noticed Terence
   940 | D:2      | Reached skill level 1 in Short Blades
   967 | D:1      | Slain by Terence

Illustrated notes

Levels and vault maps discovered:
D:1:      nicolae_arrival_washed_ashore, layout_loops_cross,
          ebering_ecumenical_altar_webs
D:2:      layout_basic, skrybe_limestone_x, minmay_misc_feat_tower, uniq_terence

Skill      XL: |  1  2 |
---------------+-------+-----
Dodging        | 2 |  2.0
Short Blades   | 1 |  1.0
Fighting       | |  1.5
Crossbows      | |  1.8
Spellcasting   | |  1.0
Hexes          | |  3.0

Action                   || total
-------------------------++-------
Melee: Short sword       ||    58
       Unarmed           ||     6
 Cast: Slow              ||     5
  Use: Scroll            ||     1
       Potion            ||     1
 Stab: Sleeping          ||     2
Armor: Robe              ||     2
       Ring mail         ||    17
Dodge: Dodged            ||    25
Block: Other             ||     7

Table legend: (Time is in decaauts)
 A = Elapsed time spent in this place.
 B = Non-inter-level travel time spent in this place.
 C = Inter-level travel time spent in this place.
 D = Time resting spent in this place.
 E = Time spent auto-exploring this place.
 F = Levels seen in this place.
 G = Mean time per level.
                   A        B        C        D        E       F      G
               +--------+--------+--------+--------+--------+-----+--------+
         Total |    970 |    930 |     40 |    134 |    470 |   2 |  485.0 |
       Dungeon |    970 |    930 |     40 |    134 |    470 |   2 |  485.0 |
               +--------+--------+--------+--------+--------+-----+--------+

Top non-repeatable levels by time:
     D:1: 918 daAuts
     D:2: 51 daAuts
